 Seeded DCSS version 0.30-b1-5-g8e6c1be481 (webtiles) character file.

Game seed: 1973 (custom seed)

46 Kazon the Conjurer (level 3, 0/24 HPs)
             Began as a Human Conjurer on May 4, 2023.
             Succumbed to an adder's poison
             ... on level 2 of the Dungeon.
             The game lasted 00:05:31 (1041 turns).

Kazon the Conjurer (Human Conjurer)                 Turns: 1041, Time: 00:05:32

Health: 0/24       AC:  2    Str:  5 (8)  XL:     3   Next: 95%
Magic:  5/6        EV: 12    Int: 16 (17) God:
Gold:   37         SH:  0    Dex: 14 (15) Spells: 3/6 levels left

rFire   . . .        c - +0 quarterstaff
rCold   . . .        (shield currently unavailable)
rNeg    . . .        a - +0 robe
rPois   .            (no helmet)
rElec   .            (no cloak)
rCorr   .            (no gloves)
SInv    .            (no boots)
Will    .....        (no amulet)
Stlth   ++           (no ring)
HPRegen 0.24/turn    (no ring)
MPRegen 0.10/turn

%: no passive effects
@: lethally poisoned (0 -> -3)
A: agile 1, subdued magic 1
a: no special abilities


You were on level 2 of the Dungeon.
You visited 1 branch of the dungeon, and saw 2 of its levels.

You collected 37 gold pieces.

Inventory:

Hand Weapons
 c - a +0 quarterstaff (weapon)
 e - a +0 short sword
 f - a +0 whip
Missiles
 h - 13 stones
Armour
 a - a +0 robe (worn)
Scrolls
 d - a scroll of teleportation {unknown}
 g - 3 scrolls of identify {unknown}
 i - a scroll of immolation {unknown}
 k - a scroll of blinking {unknown}
 m - a scroll of vulnerability {unknown}
 n - a scroll of poison {unknown}
Potions
 b - 2 potions of magic


   Skills:
 + Level 0.2 Fighting
 + Level 0.5 Maces & Flails
 + Level 2.5 Dodging
 + Level 2.2 Stealth
 + Level 2.2 Spellcasting
 + Level 4.6 Conjurations


You had 3 spell levels left.
You knew the following spells:

 Your Spells              Type           Power      Damage    Failure   Level
a - Magic Dart            Conj           48%        1d5       2%          1
b - Searing Ray           Conj           24%        2d5       3%          2

Your spell library contained the following spells:

 Spells                   Type           Power      Damage    Failure   Level
 Dazzling Flash           Conj/Hex       14%        N/A       21%         3
 Fulminant Prism          Conj/Hex       3%         3d5       56%         4
 Iskenderun's Mystic Bla  Conj/Tloc      7%         2d4       56%         4
 Anguish                  Hex/Necr       0%         N/A       88%         4
 Cause Fear               Hex            0%         N/A       88%         4
 Enfeeble                 Hex            0%         N/A       100%        7


Dungeon Overview and Level Annotations

Branches:
Dungeon (2/15)

Altars:


Innate Abilities, Weirdness & Mutations

You are agile. (Dex +4, Str/Int -1)
Your spells are a little easier to cast, but a little less powerful.


Message History

You barely miss the adder.
You feel sick. The adder bites you.
You are more poisoned.
The adder poisons you! The adder closely misses you.
Aiming: Magic Dart (safe; 2% risk of failure)
Press: ? - help, Q - select action, (/) - cycle Shift-Dir - straight line, f - adder
Aim: an adder (100% to hit)
The magic dart hits the adder.
The adder is moderately wounded.
You feel sick. The adder barely misses you.
You hit the adder.
The adder is almost dead.
You feel very sick. The adder closely misses you. The adder barely misses you.
You closely miss the adder.
The adder is almost dead.
You feel sick. The adder bites you.
You closely miss the adder.
The adder is almost dead.
You feel sick. The adder completely misses you. The adder bites you.
* * * LOW HITPOINT WARNING * * *
You are lethally poisoned!
The adder poisons you!
You hit the adder but do no damage.
The adder is almost dead.
* * * LOW HITPOINT WARNING * * *
You feel very sick. The adder barely misses you. The adder closely misses you.
You hit the adder.
You kill the adder!
* * * LOW HITPOINT WARNING * * *
You feel sick.
There is a lethal amount of poison in your body!
It was a potion of mutation.
You feel extremely strange.
You feel agile.
Your connection to magic feels subdued.
* * * LOW HITPOINT WARNING * * *
You feel sick.
It was a potion of degeneration.
There was something very wrong with that liquid.
You feel weakened.
You feel dopey.
You feel clumsy.
You die...

.......# .......#
....... .......# .......
.......# .......
#'######### .......
#.........# .......
##........#### .......
.............####.......
.............'..@.......
.............####.......
###..........# ...(.##
#..........# .....#
#..........# .....#
#..........+ .....#
########...# .....#
#.?.# .....# #...#


There were no monsters in sight!

Vanquished Creatures
  2 adders (D:2)
  2 dart slugs (D:1)
  A ball python (D:1)
  An endoplasm (D:1)
  5 giant cockroaches (D:1)
  3 hobgoblins (D:1)
  3 jackals (D:1)
  3 frilled lizards (D:1)
  2 kobolds (D:1)
  2 rats (D:1)
24 creatures vanquished.

Notes
Turn   | Place    | Note
-------+----------+-------------------------------------------
     0 | D:1      | Kazon the Human Conjurer began the quest for the Orb.
     0 | D:1      | Reached XP level 1. HP: 13/13 MP: 3/3
   272 | D:1      | Reached XP level 2. HP: 11/19 MP: 1/5
   551 | D:1      | Reached XP level 3. HP: 24/24 MP: 6/6
   735 | D:1      | Learned a level 2 spell: Searing Ray
  1040 | D:2      | Gained mutation: You are agile. (Dex +4, Str/Int -1)
                  | [potion of mutation]
  1040 | D:2      | Gained mutation: Your spells are a little easier to cast,
                  | but a little less powerful. [potion of mutation]
  1040 | D:2      | HP: 1/24 [poisoned by an adder]
  1041 | D:2      | Succumbed to an adder's poison

Illustrated notes

Levels and vault maps discovered:
D:1:      co_arrival_random_square_maze, layout_loops_ring
D:2:      layout_basic

Action                     || total
---------------------------++-------
  Melee: Whip              ||    91
         Quarterstaff      ||     7
         Short sword       ||     6
   Cast: Magic Dart        ||    29
         Searing Ray       ||     1
    Use: Potion            ||     4
   Stab: Sleeping          ||     2
 Armour: Robe              ||    25
  Dodge: Dodged            ||    86
